cohdb
Replays
Latest Replays
All Replays
Popular Replays
Top Player Replays
Match Explorer
How It Works
Community
CoH3 Stats
Reddit
Sign in to upload your games and track your stats! →
Sign in with Steam
Match 43241427
Unlisted
Match 43241427
Overview
Messages
Build Orders
End
Construct Infanterie Kompanie
Kettenkrad Recon Vehicle
MG 42 Machine Gun Team
Selects Terror Battlegroup
Selects Machine Gun Camouflage
Grenadier Squad
Grenadier Squad
GrW 34 Mortar Team
Construct Luftwaffe Kompanie
Jäger Squad
Support Elements
Pioneer Squad
Medical Bunker
Jäger Squad
Selects Defend the Fatherland
Defend the Fatherland
Wirbelwind Flakpanzer
Selects Interrogate
Construct Panzer Kompanie
Sturmpanzer IV Brummbär
Panzer Officer Quarters
Pioneer Squad
Side Skirts
Stoßtruppen Squad
Darius Pelado
Kr4user
robwarrior
Conqueeftador
0
0
Comments
sign in to comment!
No comments posted yet!